2404 views
Uploaded 2021-08-01 06:35:32
Game version 1.32.10
24:31 long 1on1 ladder game on (2)NorthernIsles
Saved by aom
2404 views
Uploaded 2021-08-01 06:35:32
Game version 1.32.10
24:31 long 1on1 ladder game on (2)NorthernIsles

35 units @ 5.4k
/ 0.8k
17 buildings @ 2.7k
/ 0.9k



| Rod of Necromancy | 2 | 300 |
| Ritual Dagger | 1 | 125 |
| Orb of Corruption | 1 | 375 |
| Scroll of Healing | 1 | 250 |
| Scroll of Town Portal | 1 | 350 |
| Belt of Giant Strength +6 | 1 | 400 |
| Ring of Protection +4 | 1 | 300 |
| total: | 8 | 2100g |
| Acolyte | 13 | 975 | / | 0 |
| Ghoul | 7 | 840 | / | 0 |
| Crypt Fiend | 8 | 1720 | / | 320 |
| Obsidian Statue | 3 | 600 | / | 105 |
| Abomination | 2 | 480 | / | 140 |
| Goblin Shredder | 2 | 750 | / | 200 |
| total: | 35 | 5365g | / | 765w |
| Nerubian Tower | 2 | 200 | / | 40 |
| Spirit Tower | 3 | 435 | / | 120 |
| Altar of Darkness | 1 | 180 | / | 50 |
| Ziggurat | 7 | 1050 | / | 350 |
| Crypt | 1 | 200 | / | 50 |
| Tomb of Relics | 2 | 260 | / | 60 |
| Graveyard | 1 | 215 | / | 0 |
| Necropolis | 2 | 450 | / | 0 |
| Slaughterhouse | 2 | 280 | / | 270 |
| Sacrificial Pit | 1 | 75 | / | 150 |
| Halls of the Dead | 2 | 640 | / | 420 |
| Black Citadel | 1 | 325 | / | 230 |
| total: | 17 | 2710g | / | 930w |
| 0:03 | Acolyte |
| 0:05 | Altar of Darkness |
| 0:07 | Ziggurat |
| 0:10 | Acolyte |
| 0:35 | Crypt |
| 0:53 | Tomb of Relics |
| 1:12 | Nerubian Tower |
| 1:35 | Ghoul |
| 1:36 | Ghoul |
| 1:36 | Ghoul |
| 1:45 | Graveyard |
| 1:58 | Ghoul |
| 2:09 | Rod of Necromancy |
| 2:10 | Death Coil |
| 2:17 | Ghoul |
| 2:33 | Ghoul |
| 2:34 | Cannibalize |
| 3:05 | Halls of the Dead |
| 3:19 | Ziggurat |
| 3:25 | Unholy Aura |
| 4:15 | Unholy Armor |
| 4:18 | Crypt Fiend |
| 4:20 | Ziggurat |
| 5:01 | Rod of Necromancy |
| 5:02 | Ritual Dagger |
| 5:11 | Crypt Fiend |
| 6:11 | Crypt Fiend |
| 6:41 | Frost Nova |
| 6:57 | Black Citadel |
| 6:59 | Slaughterhouse |
| 7:00 | Slaughterhouse |
| 7:02 | Ziggurat |
| 7:17 | Death Coil |
| 7:45 | Unholy Strength |
| 7:50 | Burrow |
| 8:56 | Crypt Fiend |
| 8:58 | Spirit Tower |
| 9:19 | Obsidian Statue |
| 9:22 | Destroyer Form |
| 9:36 | Ghoul |
| 10:10 | Goblin Shredder |
| 10:46 | Impale |
| 11:03 | Frost Armor |
| 12:19 | Acolyte |
| 12:19 | Acolyte |
| 12:24 | Disease Cloud |
| 12:26 | Web |
| 12:27 | Ghoul Frenzy |
| 12:48 | Belt of Giant Strength +6 |
| 12:52 | Ring of Protection +4 |
| 13:45 | Necropolis |
| 14:24 | Unholy Aura |
| 14:27 | Spiked Carapace |
| 15:07 | Frost Nova |
| 15:24 | Goblin Shredder |
| 16:11 | Acolyte |
| 16:11 | Acolyte |
| 16:12 | Acolyte |
| 16:13 | Ziggurat |
| 16:14 | Ziggurat |
| 16:16 | Tomb of Relics |
| 16:38 | Ziggurat |
| 17:04 | Obsidian Statue |
| 17:06 | Crypt Fiend |
| 17:51 | Death Coil |
| 18:01 | Nerubian Tower |
| 18:02 | Spirit Tower |
| 18:03 | Spirit Tower |
| 18:04 | Halls of the Dead |
| 18:07 | Abomination |
| 18:10 | Crypt Fiend |
| 18:12 | Creature Attack |
| 19:43 | Abomination |
| 19:46 | Impale |
| 19:48 | Crypt Fiend |
| 19:51 | Creature Carapace |
| 20:01 | Acolyte |
| 20:13 | Orb of Corruption |
| 20:21 | Obsidian Statue |
| 20:24 | Crypt Fiend |
| 21:10 | Frost Armor |
| 21:29 | Necropolis |
| 21:31 | Acolyte |
| 21:59 | Sacrificial Pit |
| 22:02 | Acolyte |
| 22:08 | Acolyte |
| 22:09 | Acolyte |
| 22:21 | Acolyte |
| 22:25 | Scroll of Healing |
| 22:33 | Scroll of Town Portal |
| Select group | 1782 |
| Right click | 857 |
| Select | 619 |
| Misc. action | 196 |
| Build/train/purchase | 117 |
| Use ability | 70 |
| Assign group | 52 |
| Item give/drop | 7 |
| Minimap ping | 5 |
| Remove unit | 3 |
40 units @ 6.6k
/ 0.6k
21 buildings @ 3.2k
/ 1.6k


| Healing Salve | 6 | 600 |
| Lesser Clarity Potion | 7 | 490 |
| Orb of Lightning | 1 | 375 |
| Potion of Mana | 1 | 200 |
| Tiny Great Hall | 1 | 600 |
| Boots of Speed | 1 | 250 |
| Potion of Lesser Invulnerability | 1 | 150 |
| Slippers of Agility +3 | 1 | 100 |
| total: | 19 | 2765g |
| Peon | 9 | 675 | / | 0 |
| Grunt | 13 | 2600 | / | 0 |
| Raider | 4 | 720 | / | 160 |
| Shaman | 8 | 1040 | / | 160 |
| Wind Rider | 6 | 1590 | / | 240 |
| total: | 40 | 6625g | / | 560w |
| Watch Tower | 7 | 770 | / | 560 |
| Altar of Storms | 1 | 180 | / | 50 |
| Orc Burrow | 6 | 960 | / | 240 |
| Barracks | 1 | 180 | / | 50 |
| Voodoo Lounge | 1 | 130 | / | 30 |
| War Mill | 1 | 205 | / | 0 |
| Great Hall | 1 | 385 | / | 185 |
| Beastiary | 1 | 145 | / | 140 |
| Spirit Lodge | 1 | 150 | / | 150 |
| Tauren Totem | 1 | 135 | / | 155 |
| Stronghold | 1 | 315 | / | 190 |
| Fortress | 1 | 325 | / | 190 |
| total: | 21 | 3240g | / | 1560w |
| 0:03 | Peon |
| 0:03 | Peon |
| 0:03 | Peon |
| 0:09 | Altar of Storms |
| 0:17 | Orc Burrow |
| 0:21 | Orc Burrow |
| 0:28 | Peon |
| 0:33 | Peon |
| 0:42 | Peon |
| 0:51 | Barracks |
| 0:57 | Peon |
| 1:18 | Peon |
| 1:25 | Orc Burrow |
| 1:35 | Peon |
| 1:52 | Grunt |
| 2:05 | Voodoo Lounge |
| 2:14 | Wind Walk |
| 2:21 | Grunt |
| 2:50 | Grunt |
| 3:00 | Orc Burrow |
| 3:29 | Critical Strike |
| 3:33 | Stronghold |
| 3:47 | Healing Salve |
| 4:04 | War Mill |
| 4:10 | Grunt |
| 4:23 | Lesser Clarity Potion |
| 4:51 | Healing Salve |
| 4:52 | Lesser Clarity Potion |
| 5:06 | Orc Burrow |
| 5:21 | Grunt |
| 5:38 | Watch Tower |
| 6:06 | Watch Tower |
| 6:15 | Beastiary |
| 6:32 | Watch Tower |
| 6:34 | Reinforced Defenses |
| 6:37 | Steel Melee Weapons |
| 7:00 | Boots of Speed |
| 7:11 | Wind Walk |
| 7:24 | Healing Salve |
| 7:24 | Healing Salve |
| 7:25 | Lesser Clarity Potion |
| 7:31 | Ensnare |
| 7:50 | Healing Wave |
| 9:15 | Grunt |
| 9:16 | Berserker Strength |
| 9:17 | Steel Armor |
| 9:18 | Raider |
| 9:19 | Raider |
| 9:22 | Fortress |
| 9:34 | Slippers of Agility +3 |
| 10:03 | Great Hall |
| 10:16 | Spirit Lodge |
| 10:35 | Raider |
| 10:39 | Spiked Barricades |
| 11:04 | Hex |
| 11:54 | Shaman |
| 11:54 | Shaman |
| 11:55 | Grunt |
| 11:55 | Grunt |
| 11:59 | Critical Strike |
| 12:30 | Raider |
| 12:31 | Envenomed Spears |
| 12:33 | Shaman Adept Training |
| 12:33 | Shaman |
| 12:40 | Watch Tower |
| 12:47 | Lesser Clarity Potion |
| 12:50 | Healing Salve |
| 13:14 | Orb of Lightning |
| 13:22 | Watch Tower |
| 13:37 | Lesser Clarity Potion |
| 14:09 | Shaman Master Training |
| 14:10 | Shaman |
| 14:12 | Grunt |
| 14:38 | Wind Rider |
| 16:31 | Wind Rider |
| 16:32 | Wind Rider |
| 16:37 | Grunt |
| 16:39 | Shaman |
| 16:47 | Watch Tower |
| 16:55 | Lesser Clarity Potion |
| 16:57 | Potion of Mana |
| 17:07 | Shaman |
| 17:23 | Wind Rider |
| 17:37 | Grunt |
| 17:52 | Lesser Clarity Potion |
| 18:11 | Wind Rider |
| 18:28 | Orc Burrow |
| 19:37 | Wind Rider |
| 19:42 | Grunt |
| 19:49 | Healing Salve |
| 20:00 | Shaman |
| 20:21 | Tauren Totem |
| 20:24 | Grunt |
| 20:30 | Shaman |
| 21:42 | Pulverize |
| 22:10 | Potion of Lesser Invulnerability |
| 22:32 | Tiny Great Hall |
| 23:19 | Watch Tower |
| 24:10 | Wind Walk |
| Right click | 859 |
| Select | 378 |
| Select group | 284 |
| Build/train/purchase | 121 |
| Use ability | 51 |
| Assign group | 32 |
| Item give/drop | 6 |
| Remove unit | 1 |